 Dungeon Crawl Stone Soup version 0.21.1 (webtiles) character file.

73 Gobbopathe the Charlatan (level 4, 0/21 HPs)
             Began as a Spriggan Artificer on Feb 2, 2018.
             Slain by Natasha (6 damage)
             ... on level 2 of the Dungeon.
             The game lasted 00:04:18 (2433 turns).

Gobbopathe the Charlatan (Spriggan Artificer)       Turns: 2433, Time: 00:04:19

Health: 0/21       AC:  2    Str:  8    XL:     4   Next: 8%
Magic:  8/8        EV: 19    Int: 13    God:
Gold:   96         SH:  0    Dex: 16    Spells: 3/3 levels left

rFire    . . .     SeeInvis +   a - +0 short sword
rCold    . . .     Gourm    .   (shield restricted)
rNeg     . . .     Faith    .   w - +0 robe
rPois    .         Spirit   .   (helmet restricted)
rElec    .         Reflect  .   (no cloak)
rCorr    .         Harm     .   (gloves unavailable)
MR       .....                  (boots unavailable)
Stlth    ++........             (no amulet)
HPRegen  0.07/turn              i - ring of flight
MPRegen  0.11/turn              (no ring)

@: very quick
A: very small, unfitting armour, see invisible, herbivore, speed 3, slow
metabolism 2
a: Evoke Flight


You were on level 2 of the Dungeon.
You were not hungry.

You visited 1 branch of the dungeon, and saw 2 of its levels.

You collected 96 gold pieces.

Inventory:

Hand Weapons
 a - a +0 short sword (weapon)
 b - a +0 hunting sling
 h - a +0 short sword of venom
Missiles
 m - 76 stones (quivered)
 x - 9 poisoned needles
Armour
 w - a +0 robe (worn)
Jewellery
 i - a ring of flight (left hand)
Wands
 c - a wand of flame (14)
 d - a wand of enslavement (15)
 e - a wand of random effects (15)
Scrolls
 g - a scroll of identify {unknown}
 j - a scroll of immolation {unknown}
 k - a scroll of remove curse {unknown}
 l - a scroll of fear {unknown}
 n - 2 scrolls of teleportation {unknown}
 r - a scroll of fog {unknown}
 u - 2 scrolls of random uselessness {unknown}
Potions
 o - a potion of might {unknown}
 p - a potion of heal wounds {unknown}
 q - a potion of brilliance {unknown}
 s - a potion of curing {unknown}
 t - a potion of magic {unknown}
 v - a potion of mutation {unknown}
Comestibles
 f - 9 rations


   Skills:
 - Level 0.7 Fighting
 + Level 2.2 Short Blades
 + Level 4.1 Dodging
 + Level 3.3 Stealth
 + Level 4.8 Evocations


You had 3 spell levels left.
You didn't know any spells.

Dungeon Overview and Level Annotations

Branches:
Dungeon (2/15)

Altars:
Uskayaw
Yredelemnul

Annotations:
D:2 Natasha


Innate Abilities, Weirdness & Mutations

You are very small and have problems with some larger weapons.
You are too small for most types of armour.
You have supernaturally acute eyesight. (SInv)
You are a herbivore.
You cover ground extremely quickly.
You need consume almost no food.


Message History

Dmg: -9%(-2hp) hp: 91%(19hp)
You barely miss Natasha.
Natasha is moderately wounded.
Natasha closely misses you.
You hit Natasha.
Natasha is heavily wounded.
Natasha misses you.
You barely miss Natasha.
Natasha is heavily wounded.
Natasha claws you!
Huge Dmg: -33%(-7hp) hp: 58%(12hp)
You barely miss Natasha.
Natasha is heavily wounded.
Natasha claws you.
* * * LOW HITPOINT WARNING * * *
Huge Dmg: -29%(-6hp) hp: 29%(6hp)
You closely miss Natasha.
Natasha is heavily wounded.
Natasha claws you.
You die...

#.##.#
#.####.##............#
#.##.#
#####.####>.....########.#
...#.# #.........###...#
#.# #..#.# #.###.###.#
###.# #.# #..#.# #.# #.#
#.# #+## #†#
.....###<###.###)# #...##
#.# .<.####.......##.#
#.....# #.#
#...###[.#.......##.......
##..
†..#.##..#....##@#....<.(.
###...
.................h.......>
+.....
#..####.##....##.#........
###... #..#
#.##.#..##.##....... ##..
...# #.##.##.##.# #.....#
#.# #.## #..........#
#...## #.# #.#
####.####### #+## #.# #†#
#.# #.# #.. #.# #.# #.#
#..


You could see Natasha.

Vanquished Creatures
  2 adders (D:2)
  A worm (D:2)
  2 dart slugs (D:1)
  4 leopard geckos
  A giant cockroach (D:1)
  6 goblins
  4 hobgoblins
  4 jackals (D:2)
  A quokka (D:2)
  A ball python (D:2)
  6 bats
  4 frilled lizards
  4 kobolds
  4 rats
44 creatures vanquished.

Notes
Turn   | Place    | Note
-------+----------+-------------------------------------------
     0 | D:1      | Gobbopathe the Spriggan Artificer began the quest for the Orb.
     0 | D:1      | Reached XP level 1. HP: 9/9 MP: 4/4
   436 | D:1      | Reached XP level 2. HP: 14/14 MP: 6/6
  1338 | D:1      | Reached XP level 3. HP: 17/17 MP: 7/7
  2198 | D:2      | Found a basalt altar of Yredelemnul.
  2207 | D:2      | Reached XP level 4. HP: 21/21 MP: 8/8
  2345 | D:2      | Found a hide-covered altar of Uskayaw.
  2415 | D:2      | Noticed Natasha
  2433 | D:2      | Slain by Natasha

Skill      XL: |  1  2  3 |
---------------+----------+-----
Stealth        | 2 3 |  3.3
Short Blades   | 2 |  2.2
Dodging        | 4 |  4.1
Fighting       | |  0.7
Evocations     | |  4.8

Action                   |  1- 3 |  4- 6 || total
-------------------------+-------+-------++-------
Melee: Short sword       |   123 |    20 ||   143
 Fire: Hunting sling     |       |     1 ||     1
Evoke: Wand              |     1 |       ||     1
 Stab: Sleeping          |     6 |       ||     6
Armor: Robe              |     8 |     3 ||    11
Dodge: Dodged            |    88 |    18 ||   106
